 Dungeon Crawl Stone Soup version 0.30.1-11-g7821555f0a (webtiles) character file.

Game seed: 7066700765418526045

27 RancidPinata the Sneak (level 3, -2/26 HPs)
             Began as an Octopode Delver on Jan 10, 2024.
             Shot with a sling bullet by a goblin (4 damage)
             ... led by Robin
             ... on level 4 of the Dungeon.
             The game lasted 00:02:07 (100 turns).

RancidPinata the Sneak (Octopode Delver)             Turns: 100, Time: 00:02:07

Health: -2/26      AC:  1    Str: 11    XL:     3   Next: 10%
Magic:  3/3        EV: 13    Int: 12    God:
Gold:   11         SH:  0    Dex: 15    Spells: 2/2 levels left

rFire   . . .        a - +0 short sword
rCold   . . .        (no shield)
rNeg    . . .        (helmet restricted)
rPois   .            (no amulet)
rElec   .            (no ring)
rCorr   .            (no ring)
SInv    .            (no ring)
Will    .....        (no ring)
Stlth   ++++         (no ring)
HPRegen 0.24/turn    (no ring)
MPRegen 0.08/turn    (no ring)
                     (no ring)

%: no passive effects
@: no status effects
A: almost no armour, amphibious, 8 rings, camouflage 1, gelatinous body 1,
(nimble swimmer 1), tentacles
a: no special abilities


You were on level 4 of the Dungeon.
You visited 1 branch of the dungeon, and saw 2 of its levels.

You collected 11 gold pieces.

Inventory:

Hand Weapons
 a - a +0 short sword (weapon)
Missiles
 h - 5 poisoned darts (quivered)
 j - 6 stones
Wands
 f - a wand of digging (3)
 i - a wand of flame (11)
Scrolls
 b - a scroll of fog
 c - a scroll of magic mapping
Potions
 e - a potion of haste
 g - a potion of brilliance {unknown}


   Skills:
 * Level 3.4 Fighting
 + Level 2.2 Short Blades
 * Level 2.5 Dodging
 + Level 6.8 Stealth


You had 2 spell levels left.
You didn't know any spells.
Your spell library was empty.

Dungeon Overview and Level Annotations

Branches:
Dungeon (5/15)
 Temple: D:4-7

Altars:

Shops:
D:5 **

Annotations:
D:4 Robin


Innate Abilities, Weirdness & Mutations

You cannot wear most types of armour.
You are amphibious.
You can wear up to eight rings at the same time.
Your skin changes colour to match your surroundings (Stealth+).
Your rubbery body absorbs attacks. (AC +1, EV +1)
((You are camouflaged when in or above water. (Stealth+)))
You have tentacles for arms and can constrict up to eight enemies at once.


Message History

The goblins go into a battle-frenzy!
The goblin unwields a +0 dagger of venom.
It stops dripping with poison.
The goblin wields a +0 sling.
The goblin shoots a sling bullet.
The sling bullet closely misses you.
As you read the scroll of fear, it crumbles to dust.
You assume a fearsome visage.
Robin looks frightened!
The goblin looks frightened! x7; The hobgoblin looks frightened!
The goblin looks frightened!
The hobgoblin looks frightened! x2
The goblin looks frightened!
The dart slug looks frightened!
The goblin cries, "Mercy!"
An endoplasm comes into view.
Cornered, the goblin turns to fight!
Robin throws the goblin at you!
A hound comes into view.
The goblin shoots a sling bullet.
The sling bullet hits you.
The goblin howls, "Help!"
The ball python hisses angrily.
You hear a shout!
The ball python bites you. The ball python completely misses you.
You hit the ball python but do no damage.
Your grab misses the ball python. Your squeeze misses the ball python.
The ball python barely misses you. The ball python completely misses you.
The goblin shoots a sling bullet.
The sling bullet hits you.
You hit the ball python. Your grab misses the ball python.
You squeeze the ball python, but do no damage.
The ball python is moderately wounded.
The ball python closely misses you. The ball python completely misses you.
The goblin shoots a sling bullet.
The sling bullet hits you.
* * * LOW HITPOINT WARNING * * *
The ball python barely misses you. x2
You barely miss the ball python. You grab the ball python.
The ball python is moderately wounded.
You constrict the ball python.
The goblin shoots a sling bullet.
The sling bullet closely misses you.
The sling bullet hits the ball python!
The ball python dies!
You hear a shout!
You see here a ball python corpse.
The goblin shoots a sling bullet.
The sling bullet hits you.
* * * LOW HITPOINT WARNING * * *
The goblin shoots a sling bullet.
The sling bullet hits you.
You die...

##.g.......#...# ..
.g....>..g...# ...
..........gg##
##....
........)..g###....h
.#.......!.#g...#
......#.$.###.###
.######w### #.†.#
#.. ###.### ###
#.@.# ###.# ... ####


You could see Robin, a hobgoblin (strong) and 3 goblins.

Vanquished Creatures
  An orc wizard (D:5)
  An orc (D:5)
2 creatures vanquished.

Vanquished Creatures (others)
  A ball python (D:4)
1 creature vanquished.

Grand Total: 3 creatures vanquished

Notes
Turn   | Place    | Note
-------+----------+-------------------------------------------
     0 | D:5      | RancidPinata the Octopode Delver began the quest for the
                  | Orb.
     0 | D:5      | Reached XP level 1. HP: 16/16 MP: 1/1
    22 | D:5      | Noticed a scorpion
    25 | D:5      | Found Goludghu's General Store.
    26 | D:5      | Found Numank Reraj's Specific Store.
    36 | D:5      | Noticed an ice beast
    61 | D:5      | Noticed an orc wizard
    68 | D:5      | Killed an orc wizard
    69 | D:5      | Reached XP level 2. HP: 11/21 MP: 2/2
    69 | D:5      | Reached XP level 3. HP: 14/26 MP: 3/3
    86 | D:4      | Noticed Robin
    99 | D:4      | HP: 1/26 [goblin/sling bullet[Robin] (6)]
   100 | D:4      | Shot with a sling bullet by a goblin

Illustrated notes

Levels and vault maps discovered:
D:4:      layout_rooms, serial_park_tiny_2, minmay_cupped, uniq_edmund,
          uniq_robin
D:5:      layout_rooms, mainiacjoe_overflow_brackets, nicolae_specific_store,
          hangedman_abyss_or_decor_stagger

Action                     || total
---------------------------++-------
  Melee: Short sword       ||    10
         Constrict         ||     2
         Tentacles         ||     2
    Use: Scroll            ||     1
   Stab: Sleeping          ||     1
 Armour: Skin              ||     1
  Dodge: Dodged            ||    10
